 Dungeon Crawl Stone Soup version 0.29.0-4-gdea44cf6ec (webtiles) character file.

Game seed: 16671602755916247084

1275 qw the Cleaver (level 8, -1/71 HPs)
             Began as a Minotaur Fighter on Sept 8, 2022.
             Was an Initiate of Ru.
             Slain by a killer bee (3 damage)
             ... on level 5 of the Dungeon.
             The game lasted 00:01:48 (4536 turns).

qw the Cleaver (Minotaur Fighter)                   Turns: 4536, Time: 00:01:48

Health: -1/71      AC:  9    Str: 23    XL:     8   Next: 28%
Magic:  7/7        EV:  7    Int:  5    God:    Ru [......]
Gold:   215        SH:  4    Dex: 10    Spells: 7/7 levels left

rFire   . . .      SeeInvis .   Y - +0 war axe
rCold   . . .      Faith    .   c - +0 buckler
rNeg    . . .      Spirit   .   j - +0 chain mail
rPois   .          Reflect  .   (helmet restricted)
rElec   .          Harm     .   (no cloak)
rCorr   .          Rampage  .   (no gloves)
Will    .....                   (no boots)
Stlth   ..........              (no amulet)
HPRegen 0.21/turn               (no ring)
MPRegen 0.10/turn               (no ring)

@: about to teleport
A: horns 2, retaliatory headbutt
a: Renounce Religion


You were on level 5 of the Dungeon.
You worshipped Ru.
Ru was noncommittal.
You visited 2 branches of the dungeon, and saw 6 of its levels.

You collected 215 gold pieces.


Innate Abilities, Weirdness & Mutations

You have a pair of horns on your head.
You reflexively headbutt those who attack you in melee.


   Skills:
 - Level 6.5 Fighting
 + Level 10.8 Axes
 - Level 3.6 Armour
 - Level 1.0 Dodging
 - Level 3.6 Shields


You had 7 spell levels left.
You didn't know any spells.
Your spell library was empty.

Inventory:

Hand Weapons
 a - a +0 flail
 Y - a +0 war axe (weapon)
Armour
 c - a +0 buckler (worn)
 j - a +0 chain mail (worn)
Jewellery
 m - a +6 ring of dexterity
Scrolls
 b - 2 scrolls of teleportation
 l - 2 scrolls of identify
Potions
 d - 2 potions of might
 e - a potion of haste {unknown}
 f - a potion of flight {unknown}
 g - a potion of ambrosia {unknown}
 h - a potion of curing {unknown}
 i - a potion of attraction {unknown}
 k - 3 potions of heal wounds {unknown}

Dungeon Overview and Level Annotations

Branches:
Dungeon (5/15)             Temple (1/1) D:4

Altars:
Ashenzari
Cheibriados
Dithmenos
Elyvilon
Fedhas
Gozag
Hepliaklqana
Kikubaaqudgha
Makhleb
Nemelex Xobeh
Okawaru
Qazlal
Ru
Sif Muna
Trog
Wu Jian
Xom
Yredelemnul
Zin
The Shining One

Annotations:
D:5 1 runed translucent door, Crazy Yiuf


Message History

You slash the killer bee!
You feel sick. The killer bee stings you.
The killer bee stings you but does no damage.
You block the killer bee's attack. The killer bee stings you.
4531 ||| READING 4 scrolls of teleportation.
As you read the scroll of teleportation, it crumbles to dust.
You feel strangely unstable.
You feel sick. The killer bee closely misses you.
You block the killer bee's attack. x2
The killer bee stings you but does no damage.
You miss the killer bee.
The killer bee is almost dead.
You miss the killer bee.
You feel sick. The killer bee stings you. The killer bee closely misses you.
You block the killer bee's attack. The killer bee stings you.
You hit the killer bee but do no damage.
Your headbutt misses the killer bee.
The killer bee is almost dead.
You hit the killer bee.
You feel sick. You block the killer bee's attack.
The killer bee stings you but does no damage.
The killer bee barely misses you. You furiously retaliate!
You headbutt the killer bee!
You kill the killer bee!
The killer bee stings you.
You slash the killer bee!
You kill the killer bee!
You feel sick. The killer bee barely misses you. You furiously retaliate!
You headbutt the killer bee. You hit the killer bee.
The killer bee is moderately wounded.
Your surroundings seem slightly different.
You feel sick.
4536 ||| READING 3 scrolls of teleportation.
As you read the scroll of teleportation, it crumbles to dust.
You feel strangely unstable.
You feel sick.
You are no longer poisoned.
The killer bee stings you.
You die...

.# ##.~#.......#
#............... .#
#.~~~.......#
#######.#######. .#
#..~~.####### #.# #. .#
#...~~# #~##########.# #. ##
#...~~# #~#.......##.# #. #
#....~####~##.......#.# ##.
# #....~....~.#.......#.#
#.. #
#...~~.##.~.........#.# ##..
# #...?~~##.~..@......#.#
#...
#####.###~######y......#.###
#...
.........~........%.......>#
#...
#####.#...########.###.#.~.#
##.# ..# #.#.#### #.#
#.~.~.# #.## ..###......#
#.# #..~~.# ##.#
..'........# #.....~.~.# #.#
..####.....# ........~.# ##.
........#### .......~~.# #+


You could see a killer bee.

Vanquished Creatures
  Grinder (D:5)
  Eustachio (D:5)
  A black bear (D:4)
  2 ogres
  A necrophage (D:5)
  A scorpion (D:5)
  5 killer bees (D:5)
  A howler monkey (D:4)
  A jelly (D:4)
  A hound (D:5)
  Jessica (D:3)
  2 orc wizards (D:3)
  2 iguanas
  3 adders
  A worm (D:4)
  A dart slug (D:2)
  9 orcs
  7 ball pythons
  3 endoplasms
  4 giant cockroaches
  5 goblins
  11 hobgoblins
  6 jackals (D:2)
  6 quokkas
  3 bats
  2 frilled lizards
  10 kobolds
  2 rats
93 creatures vanquished.

Vanquished Creatures (others)
  2 plants (D:2)
2 creatures vanquished.

Grand Total: 95 creatures vanquished

Notes
Turn   | Place    | Note
-------+----------+-------------------------------------------
     0 | D:1      | qw the Minotaur Fighter began the quest for the Orb.
     0 | D:1      | Reached XP level 1. HP: 19/19 MP: 0/0
     0 | D:1      | 0 ||| qw: Version: 0.1-a-112-g44dc6cd
     0 | D:1      | 0 ||| qw: Game counter: 6803
     0 | D:1      | 0 ||| qw: Always use a shield: true
     0 | D:1      | 0 ||| qw: God list: Ru
     0 | D:1      | 0 ||| qw: Allow faded altars: false
     0 | D:1      | 0 ||| qw: Do Orc after D:15 true
     0 | D:1      | 0 ||| qw: Do second Lair branch before Depths: true
     0 | D:1      | 0 ||| qw: Lair rune preference: random
     0 | D:1      | 0 ||| qw: Plans: Normal
     0 | D:1      | 0 ||| PLANNING D:1-11
    71 | D:1      | Reached skill level 3 in Axes
   229 | D:1      | 229 ||| DROPPING +0 club.
   311 | D:1      | Reached XP level 2. HP: 26/26 MP: 1/1
   367 | D:1      | 367 ||| Stepping ~*~*~tactically~*~*~ (stealth).
   697 | D:1      | 697 ||| Stepping ~*~*~tactically~*~*~ (stealth).
   705 | D:1      | Reached skill level 4 in Axes
   867 | D:1      | 867 ||| READING scroll labelled DIWUIL COTWINK.
   868 | D:1      | 868 ||| READING scroll labelled XIJEECU ROABOFF.
   869 | D:1      | 869 ||| READING 2 scrolls labelled UDGHEI UKKISK.
   895 | D:2      | 895 ||| Stepping ~*~*~tactically~*~*~ (hiding).
   902 | D:2      | 902 ||| Stepping ~*~*~tactically~*~*~ (stealth).
   961 | D:2      | 961 ||| Stepping ~*~*~tactically~*~*~ (stealth).
   973 | D:2      | Reached XP level 3. HP: 29/31 MP: 2/2
  1032 | D:2      | Found a faded altar of an unknown god.
  1160 | D:2      | 1160 ||| Stepping ~*~*~tactically~*~*~ (stealth).
  1338 | D:2      | 1338 ||| Stepping ~*~*~tactically~*~*~ (stealth).
  1383 | D:2      | 1383 ||| DROPPING +0 whip.
  1497 | D:2      | 1497 ||| UPGRADING to +0 chain mail.
  1507 | D:2      | 1507 ||| DROPPING +0 scale mail.
  1508 | D:2      | 1508 ||| READING scroll labelled OFEMOASMUMU.
  1509 | D:2      | 1509 ||| READING scroll labelled KAOMEB YR ZAA.
  1510 | D:2      | 1510 ||| READING 2 scrolls of teleportation.
  1550 | D:2      | Reached skill level 5 in Axes
  1564 | D:3      | 1564 ||| Stepping ~*~*~tactically~*~*~ (stealth).
  1572 | D:3      | Noticed Jessica
  1581 | D:3      | Reached XP level 4. HP: 19/39 MP: 3/3
  1584 | D:3      | HP: 5/39 [Jessica/+0 club (7)]
  1585 | D:3      | 1585 ||| READING scroll of teleportation.
  1586 | D:3      | 1586 ||| Stepping ~*~*~tactically~*~*~ (hiding).
  1593 | D:3      | HP: 4/39 [adder (1)]
  1612 | D:3      | HP: 1/39 [orc/+0 mace (6)]
  1613 | D:3      | 1613 ||| Stepping ~*~*~tactically~*~*~ (stealth).
  1616 | D:3      | Reached skill level 1 in Dodging
  1617 | D:3      | HP: 1/39 [orc/+0 flail (1)]
  1713 | D:3      | 1713 ||| Invisible monster not found???
  1888 | D:3      | 1888 ||| DROPPING +2 whip of pain.
  2193 | D:3      | 2193 ||| Stepping ~*~*~tactically~*~*~ (stealth).
  2215 | D:3      | Reached skill level 6 in Axes
  2215 | D:3      | Reached XP level 5. HP: 39/45 MP: 4/4
  2343 | D:3      | Killed Jessica
  2983 | D:4      | 2983 ||| Stepping ~*~*~tactically~*~*~ (stealth).
  2984 | D:4      | Found a staircase to the Ecumenical Temple.
  2985 | D:4      | 2985 ||| PLANNING TEMPLE
  2991 | D:4      | 2991 ||| READING scroll labelled TATOAH OGHIL.
  2999 | Temple   | Entered the Ecumenical Temple
  3044 | Temple   | Became a worshipper of Ru the Awakened
  3087 | Temple   | 3087 ||| PLANNING D:1-11
  3160 | D:4      | Noticed an ogre
  3161 | D:4      | 3161 ||| Stepping ~*~*~tactically~*~*~ (stealth).
  3163 | D:4      | Noticed a black bear
  3168 | D:4      | Killed an ogre
  3169 | D:4      | Reached skill level 7 in Axes
  3169 | D:4      | Reached XP level 6. HP: 29/51 MP: 5/5
  3680 | D:4      | Reached skill level 8 in Axes
  3746 | D:4      | Found a glowing silver altar of Zin.
  3747 | D:4      | Noticed an angel
  3925 | D:4      | 3925 ||| DROPPING orb of light.
  3926 | D:4      | 3926 ||| READING scroll labelled PYBREL ITWOJUMPU.
  3946 | D:5      | Entered Level 5 of the Dungeon
  3959 | D:5      | Reached XP level 7. HP: 58/60 MP: 6/6
  3977 | D:5      | Reached skill level 9 in Axes
  3983 | D:5      | Noticed Grinder
  3984 | D:5      | 3984 ||| Stepping ~*~*~tactically~*~*~ (stealth).
  4088 | D:5      | Killed Grinder
  4089 | D:5      | Reached skill level 6 in Fighting
  4198 | D:5      | Noticed Eustachio
  4233 | D:5      | Killed Eustachio
  4384 | D:5      | Reached skill level 10 in Axes
  4384 | D:5      | Reached XP level 8. HP: 71/71 MP: 7/7
  4428 | D:5      | Found a runed translucent door.
  4429 | D:5      | Noticed Crazy Yiuf
  4517 | D:5      | 4517 ||| Stepping ~*~*~tactically~*~*~ (stealth).
  4530 | D:5      | HP: 15/71 [killer bee (3)]
  4531 | D:5      | 4531 ||| READING 4 scrolls of teleportation.
  4533 | D:5      | HP: 7/71 [poisoned by a killer bee]
  4535 | D:5      | HP: 3/71 [poisoned by a killer bee]
  4536 | D:5      | 4536 ||| READING 3 scrolls of teleportation.
  4536 | D:5      | Slain by a killer bee

Levels and vault maps discovered:
D:1:      saegor_arrival_simple_c, layout_loops_ring
D:2:      layout_rooms, serial_forest, infiniplex_forest_clump_small,
          infiniplex_forest_lined_ring, infiniplex_forest_straight_2,
          infiniplex_forest_clump_small, infiniplex_forest_straight_4,
          infiniplex_forest_lined_2, chequers_ecumenical_altar_twisty
D:3:      layout_basic, uniq_jessica
D:4:      layout_basic, zin_angel, minmay_temple_entry_hall
D:5:      layout_basic, serial_rivers, chequers_serial_rivers_micro_e,
          chequers_serial_rivers_marsh, chequers_serial_rivers_small_a,
          chequers_serial_rivers_micro_d, chequers_serial_rivers_micro_b,
          nicolae_alphabet_shops, minmay_fountain_box, uniq_eustachio,
          uniq_edmund, uniq_grinder, uniq_crazy_yiuf_cottage
Temple:   nicolae_temple_bog_church

Skill      XL: |  1  2  3  4  5  6  7 |
---------------+----------------------+-----
Axes           | 3 4 5 6 7 8 10 | 10.8
Dodging        | 1 |  1.0
Fighting       | 4 6 |  6.5
Armour         | |  3.6
Shields        | |  3.6

Action                   |  1- 3 |  4- 6 |  7- 9 || total
-------------------------+-------+-------+-------++-------
Melee: War axe           |   107 |   103 |    58 ||   268
       Headbutt          |    15 |    16 |     7 ||    38
  Use: Scroll            |     6 |     3 |     2 ||    11
Armor: Scale mail        |    28 |       |       ||    28
       Chain mail        |    17 |    58 |    24 ||    99
Dodge: Dodged            |    39 |    34 |    34 ||   107
Block: Buckler           |    23 |    22 |    14 ||    59

Table legend:
 A = Non-vault XP
 B = Vault XP
 C = Vault XP percentage of total XP
 D = Non-vault monster count
 E = Vault monster count
 F = Vault count percentage of total count
                 A         B        C        D         E       F
            +---------+---------+-------+---------+---------+-------
      Total |    1301 |     521 |  28.6 |      90 |       3 |   3.2
            +---------+---------+-------+---------+---------+-------
        D:1 |      31 |       0 |   0.0 |      19 |       0 |   0.0
        D:2 |      47 |       0 |   0.0 |      19 |       0 |   0.0
        D:3 |     133 |      37 |  21.8 |      20 |       1 |   4.8
        D:4 |     415 |       0 |   0.0 |      22 |       0 |   0.0
        D:5 |     675 |     484 |  41.8 |      10 |       2 |  16.7
            +---------+---------+-------+---------+---------+-------
